 Dungeon Crawl Stone Soup version 0.20-a0-903-g7e3609c (webtiles) character file.

373 Rrauwl the Firebug (level 6, -1/46 HPs)
             Began as a Hill Orc Fire Elementalist on Mar 20, 2017.
             Slain by nago's ghost (8 damage)
             ... on level 4 of the Dungeon.
             The game lasted 00:22:16 (3409 turns).

Rrauwl the Firebug (Hill Orc Fire Elementalist)     Turns: 3409, Time: 00:22:17

Health: -1/46      AC:  8    Str: 10 (12) XL:     6   Next: 72%
Magic:  9/9        EV: 10    Int: 14 (16) God:
Gold:   200        SH:  5    Dex: 15      Spells: 9/10 levels left

rFire    . . .     SeeInvis .   e - +0 war axe
rCold    + . .     Gourm    .   a - +3 ring mail {rC+}
rNeg     . . .     Faith    .   x - +2 buckler
rPois    .         Spirit   .   (no helmet)
rElec    .         Reflect  .   (no cloak)
rCorr    .         Harm     .   (no gloves)
MR       +....                  (no boots)
Stlth    ++++......             (no amulet)
Regen    0.2/turn               u - ring of stealth
MPRegen  0.2/turn               m - +2 ring of dexterity

@: lethally poisoned (-1 -> -16)
A: camouflage 1, agile 1, magic resistance 1
a: no special abilities


You were on level 4 of the Dungeon.
You were hungry.

You visited 1 branch of the dungeon, and saw 4 of its levels.

You collected 200 gold pieces.

Inventory:

Hand Weapons
 e - a +0 war axe (weapon)
Missiles
 d - 15 sling bullets
 g - 4 exploding tomahawks
 o - 176 stones (quivered)
 t - 23 arrows
Armour
 a - a +3 ring mail of cold resistance (worn)
 x - a +2 buckler (worn)
Jewellery
 m - a +2 ring of dexterity (left hand)
 u - a ring of stealth (right hand)
 w - an uncursed ring of wizardry
 B - a +2 ring of protection {unknown}
Wands
 r - a wand of disintegration (0/24)
 v - a wand of clouds (0/9)
Scrolls
 j - a scroll of fog
 k - 2 scrolls of enchant weapon
 n - a scroll of identify
 p - a scroll of noise {unknown}
 q - a scroll of immolation {unknown}
 s - a scroll of random uselessness {unknown}
 y - a scroll of magic mapping {unknown}
 A - 2 scrolls of amnesia {unknown}
Potions
 z - a potion of mutation
Books
 b - a book of Flames

   Spells                             Type                      Level
   a - Flame Tongue                   Conjuration/Fire             1
   b - Throw Flame                    Conjuration/Fire             2
   c - Conjure Flame                  Conjuration/Fire             3
   d - Inner Flame                    Hexes/Fire                   3
   e - Sticky Flame                   Conjuration/Fire             4
   f - Fireball                       Conjuration/Fire             5
Comestibles
 c - 3 bread rations
 f - 2 royal jellies
 h - a fruit
 i - 3 meat rations
 l - 2 chunks of flesh


   Skills:
 + Level 0.5 Fighting
 + Level 0.6 Axes
 + Level 1.0 Armour
 + Level 2.7 Dodging
 + Level 3.0 Stealth
 + Level 0.2 Shields
 + Level 2.6 Spellcasting
 + Level 2.6 Conjurations
 + Level 4.6 Fire Magic


You had 9 spell levels left.
You knew the following spells:

 Your Spells              Type           Power        Failure   Level  Hunger
a - Flame Tongue          Conj/Fire      ##...        24%         1    #......


Dungeon Overview and Level Annotations

Branches:
Dungeon (4/15)
 Temple: D:4-7

Altars:

Annotations:
D:4 nago's ghost, novice OgAM


Innate Abilities, Weirdness & Mutations

Your skin changes colour to match your surroundings (Stealth+).
You are agile. (Dex +2)
You are resistant to hostile enchantments. (MR+)


Message History

You are more poisoned.
Okay, then.
You hit nago's ghost.
Nago's ghost is lightly damaged.
You feel sick. Nago's ghost closely misses you.
Nago's ghost hits you but does no damage.
You are lethally poisoned!
You barely miss nago's ghost.
Nago's ghost is lightly damaged.
You are feeling hungry.
* * * LOW HITPOINT WARNING * * *
You feel sick.
Nago's ghost hits you but does no damage.
You barely miss nago's ghost.
Nago's ghost is lightly damaged.
You are no longer glowing.
* * * LOW HITPOINT WARNING * * *
You feel very sick. Nago's ghost hits you!
You die...

...#...###..#
##.......#
..##....###.#
#........#
.####......##
##......##.
..###÷......#
#......##
............#
#†#.....#
....##.######
#.######.#
..### ## #.#
## .##
#+####§# .#
#@W§§§§#
.######
########
..##..#
......##
..####.##
.....##.#
#.......##
#.#####..##
..####...<#


You could see nago's ghost.

Vanquished Creatures
  Purgy (D:3)
  The ghost of luab the Vandal, an amateur NaHu (D:3)
  A crimson imp (D:4)
  An orc priest (D:3)
  An orc wizard (D:3)
  2 adders
  An ooze (D:1)
  A worm (D:3)
  2 leopard geckos
  11 orcs
  A ball python (D:3)
  3 giant cockroaches (D:3)
  5 goblins
  4 hobgoblins
  4 kobolds
  6 bats
  3 frilled lizards
  10 rats
58 creatures vanquished.

Notes
Turn   | Place    | Note
-------+----------+-------------------------------------------
     0 | D:1      | Rrauwl the Hill Orc Fire Elementalist began the quest for the Orb.
     0 | D:1      | Reached XP level 1. HP: 14/14 MP: 3/3
   245 | D:1      | Reached XP level 2. HP: 18/20 MP: 1/4
   934 | D:2      | Reached XP level 3. HP: 26/26 MP: 2/5
  1672 | D:3      | Noticed luab's ghost (amateur NaHu)
  1988 | D:3      | Noticed Purgy
  2039 | D:3      | Killed Purgy
  2039 | D:3      | Reached skill level 4 in Fire Magic
  2039 | D:3      | Reached XP level 4. HP: 24/33 MP: 3/7
  2039 | D:3      | Reached XP level 5. HP: 27/38 MP: 3/8
  2070 | D:3      | Gained mutation: You have a pair of small horns on your head. [potion of mutation]
  2070 | D:3      | Gained mutation: You are frail. (-10% HP) [potion of mutation]
  2070 | D:3      | Gained mutation: Your skin changes colour to match your surroundings (Stealth+). [potion of mutation]
  2077 | D:3      | Killed luab's ghost
  2077 | D:3      | Reached XP level 6. HP: 11/40 MP: 1/9
  3052 | D:4      | Noticed nago's ghost (novice OgAM)
  3103 | D:4      | Lost mutation: You have a pair of small horns on your head. [potion of mutation]
  3103 | D:4      | Lost mutation: You are frail. (-10% HP) [potion of mutation]
  3103 | D:4      | Gained mutation: You are resistant to hostile enchantments. (MR+) [potion of mutation]
  3103 | D:4      | Gained mutation: You are agile. (Dex +2) [potion of mutation]
  3336 | D:4      | Reached skill level 1 in Armour
  3409 | D:4      | Slain by nago's ghost

Vault maps used:
D:1:      roderic_crop_circles_arrival_small, minmay_tromino_v2
D:3:      kennysheep_big_flooded_room, portal_sewer_entry_b,
          hangedman_decor_push, st_stairs_13, minmay_misc_feat_roman, uniq_purgy
D:4:      first_bread, serial_shops, shop, kennysheep_small_square

Skill      XL: |  1  2  3  4  5  6 |
---------------+-------------------+-----
Stealth        | 2 3 |  3.0
Dodging        | 2 |  2.7
Spellcasting   | 2 |  2.6
Fire Magic     | 4 |  4.6
Conjurations   | 2 |  2.6
Armour         | 1 |  1.0
Fighting       | |  0.5
Axes           | |  0.6
Shields        | |  0.2

Action                   |  1- 3 |  4- 6 || total
-------------------------+-------+-------++-------
Melee: Unarmed           |   113 |    33 ||   146
       War axe           |       |    32 ||    32
       Headbutt          |       |     2 ||     2
 Cast: Flame Tongue      |    52 |    36 ||    88
Evoke: Wand              |     2 |    15 ||    17
  Use: Scroll            |     1 |     5 ||     6
       Potion            |       |     8 ||     8
 Stab: Sleeping          |     1 |     1 ||     2
  Eat: Fruit             |     2 |     1 ||     3
       Chunk             |     3 |     4 ||     7
Armor: Robe              |    41 |       ||    41
       Ring mail         |       |    30 ||    30
Dodge: Dodged            |   111 |    38 ||   149
Block: Buckler           |    42 |    17 ||    59
